 Dungeon Crawl Stone Soup version 0.27.0-1-g7a089689b8 (webtiles) character file.

Game seed: 9837346216612698616

1971 SnakkuSnakku7 the Slinger (level 9, -6/53 HPs)
             Began as an Octopode Arcane Marksman on Aug 14, 2021.
             Was an Elder of Elyvilon.
             Mangled by a bullfrog (8 damage)
             ... on level 7 of the Dungeon.
             The game lasted 00:14:52 (8521 turns).

SnakkuSnakku7 the Slinger (OpAM)                    Turns: 8521, Time: 00:14:52

Health: -6/53      AC:  1    Str:  9    XL:     9   Next: 20%
Magic:  0/10       EV: 13    Int: 16    God:    Elyvilon [****..]
Gold:   327        SH:  0    Dex: 15    Spells: 9/10 levels left

rFire    . . .     SeeInvis .   b - +1 falchion (flame)
rCold    . . .     Faith    .   (no shield)
rNeg     + . .     Spirit   +   (helmet restricted)
rPois    .         Reflect  .   d - amulet of guardian spirit
rElec    .         Harm     .   t - ring of positive energy
rCorr    .         Rampage  .   (no ring)
Will     .....                  (no ring)
Stlth    +++.......             (no ring)
HPRegen  0.17/turn              (no ring)
MPRegen  0.12/turn              (no ring)
                                (no ring)
                                (no ring)

@: no status effects
A: almost no armour, amphibious, 8 rings, camouflage 1, gelatinous body 1,
(nimble swimmer 1), tentacles
a: Renounce Religion, Lesser Healing, Heal Other, Purification, Greater Healing,
Divine Protection


You were on level 7 of the Dungeon.
You worshipped Elyvilon.
Elyvilon was greatly pleased with you.
You visited 1 branch of the dungeon, and saw 7 of its levels.

You collected 327 gold pieces.

Inventory:

Hand Weapons
 a - a +1 hunting sling
 b - a +1 falchion of flaming (weapon)
 m - a +0 short sword
 o - a +2 morningstar of protection
Missiles
 c - 71 sling bullets
 f - 183 stones
 j - 54 poisoned darts (quivered)
Jewellery
 d - an amulet of guardian spirit (around mantle)
 t - a ring of positive energy (left tentacle)
 u - a ring of see invisible
Wands
 x - a wand of iceblast (7)
 y - a wand of acid (3)
 A - a wand of mindburst (15)
Scrolls
 e - a scroll of brand weapon {unknown}
 g - a scroll of enchant weapon
 h - a scroll of vulnerability {unknown}
 n - a scroll of enchant armour {unknown}
 q - a scroll of magic mapping {unknown}
 s - 3 scrolls of identify
 v - a scroll of noise {unknown}
Potions
 i - 2 potions of mutation {unknown}
 k - a potion of lignification {unknown}
 l - a potion of resistance
 p - 2 potions of berserk rage {unknown}
 r - 2 potions of curing {unknown}
 w - a potion of haste {unknown}
 z - a potion of heal wounds


   Skills:
 - Level 1.3 Fighting
 - Level 0.1 Maces & Flails
 + Level 11.3 Slings
 - Level 2.2 Dodging
 - Level 2.4 Stealth
 - Level 1.0 Spellcasting
 - Level 3.5 Hexes
 + Level 0.0 Evocations


You had 9 spell levels left.
You knew the following spells:

 Your Spells              Type           Power      Damage    Failure   Level
a - Corona                Hex            13%        N/A       5%          1

Your spell library contained the following spells:

 Spells                   Type           Power      Damage    Failure   Level
 Slow                     Hex            12%        N/A       9%          2
 Magic Dart               Conj           0%         1d3       22%         1
 Inner Flame              Hex/Fire       6%         N/A       32%         3
 Portal Projectile        Hex/Tloc       12%        N/A       32%         3
 Call Imp                 Summ           0%         N/A       34%         2
 Cause Fear               Hex            6%         N/A       47%         4
 Mephitic Cloud           Conj/Pois/Air  0%         N/A       56%         3


Dungeon Overview and Level Annotations

Branches:
Dungeon (7/15)             Temple (0/1) D:6

Altars:
Ashenzari
Elyvilon
Hepliaklqana
Yredelemnul
Zin

Shops:
D:7 *

Annotations:
D:2 1 runed translucent door, exclusion: door, Crazy Yiuf
D:5 Edmund
D:6 exclusions: hornet and steam dragon, Eustachio
D:7 2 transporters, 2 runed translucent doors, exclusions: killer bee and 1 more exclusion, DemonSlayer's ghost, novice HuBe


Innate Abilities, Weirdness & Mutations

You cannot wear most types of armour.
You are amphibious.
You can wear up to eight rings at the same time.
Your skin changes colour to match your surroundings (Stealth+).
Your rubbery body absorbs attacks. (AC +1, EV +1)
((You are camouflaged near water. (Stealth+)))
You have tentacles for arms and can constrict up to eight enemies at once.


Message History

You start resting.
Magic restored.
j - 52 poisoned darts (gained 1)
You now have 327 gold pieces (gained 12).
j - 53 poisoned darts (gained 1)
j - 54 poisoned darts (gained 1)
z - a potion of heal wounds HP restored.
Things that are here:
a +0 club; a +0 leather armour; an orc corpse
Found a stone staircase leading up.
Found a stone staircase leading up and a stone staircase leading down.
A - a wand of mindburst (15)
c - 71 sling bullets (gained 25)
Found a transporter.
Found a +0 whip.
The komodo dragon hisses angrily.
The centaur shouts!
There is a transporter landing site here.
The jelly quivers.
A bullfrog comes into view.
There is an open door here.
A wyvern skeleton comes into view.
The wyvern skeleton moves out of view.
Found Xerra's General Store.
A centaur comes into view.
The centaur wields a +0 shortbow.
The centaur shoots an arrow.
The arrow hits you!
The bullfrog gives a loud, deep croak!
You barely miss the bullfrog. You grab the bullfrog.
You constrict the bullfrog. The bullfrog hits you.
The centaur shoots an arrow.
The arrow hits you. The bullfrog hits you!
Unknown command.
You release your grip on the bullfrog.
The centaur shoots an arrow.
The arrow hits you!
* * * LOW HITPOINT WARNING * * *
The centaur shoots an arrow.
The arrow hits you!
* * * LOW HITPOINT WARNING * * *
The bullfrog hits you!
You die...

##.##.≈#.###$#..##
♣∩♣#
##.##8.≈.≈$≈.8##.
....# #..##≈.. .s
##.. .....#
#...##.###.##.##
...# #....##.©.##.##
.
#.####'##.#####.####
..#####......#
#....).....
........Z....#
##...<.....
.........@...#
#.........
........F....##
####......
..c............#
#......
####.........#.#
#......
#.#######.#.#
#...... .. .# #
####### ## .#


You could see a bullfrog, a centaur and a wyvern skeleton.

Vanquished Creatures
  Grinder (D:5)
  Sigmund (D:3)
  A human (D:5)
  Menkaure (D:4)
  A water moccasin (D:7)
  A black bear (D:4)
  A necrophage (D:7)
  An ogre (D:6)
  A phantom (D:4)
  Blork the orc (D:4)
  A scorpion (D:4)
  A water moccasin skeleton (D:4)
  3 wights (D:7)
  2 hounds (D:5)
  2 centaur skeletons
  A centaur zombie (D:7)
  A jelly (D:4)
  2 orc priests (D:7)
  A bullfrog zombie (D:5)
  2 bullfrog skeletons
  5 iguanas
  3 adders
  4 gnolls (D:5)
  A shadow imp (D:5)
  2 white imps
  An ufetubus (D:5)
  3 dart slugs
  9 orcs
  6 bats
  6 endoplasms
  2 giant cockroaches
  5 goblins
  8 hobgoblins
  6 jackals
  8 kobolds
  3 quokkas
  10 ball pythons
  4 frilled lizards
  2 rats (D:1)
114 creatures vanquished.

Vanquished Creatures (collateral kills)
  A quokka (D:4)
1 creature vanquished.

Grand Total: 115 creatures vanquished

Notes
Turn   | Place    | Note
-------+----------+-------------------------------------------
     0 | D:1      | SnakkuSnakku7 the Octopode Arcane Marksman began the quest
                  | for the Orb.
     0 | D:1      | Reached XP level 1. HP: 13/13 MP: 2/2
    69 | D:1      | Reached XP level 2. HP: 18/18 MP: 1/3
   363 | D:1      | Reached XP level 3. HP: 16/23 MP: 4/4
   522 | D:1      | Reached skill level 1 in Stealth
   906 | D:2      | Found a white marble altar of Elyvilon.
   926 | D:2      | Became a worshipper of Elyvilon the Healer
  1278 | D:2      | Reached XP level 4. HP: 28/28 MP: 5/5
  1341 | D:2      | Found a runed translucent door.
  1342 | D:2      | Noticed Crazy Yiuf
  1408 | D:2      | Found a faded altar of an unknown god.
  1593 | D:3      | Noticed Sigmund
  1631 | D:2      | Reached skill level 3 in Slings
  1787 | D:3      | Reached * piety under Elyvilon
  1823 | D:3      | Noticed Grinder
  2431 | D:3      | Killed Sigmund
  2432 | D:3      | Reached skill level 5 in Slings
  2432 | D:3      | Reached XP level 5. HP: 16/33 MP: 4/6
  2432 | D:3      | Reached XP level 6. HP: 19/38 MP: 4/7
  2789 | D:4      | Noticed a black bear
  2912 | D:4      | Reached ** piety under Elyvilon
  3080 | D:4      | Noticed Menkaure
  3494 | D:5      | Entered Level 5 of the Dungeon
  3519 | D:4      | Killed Menkaure
  3520 | D:4      | Reached skill level 6 in Slings
  3781 | D:4      | Reached XP level 7. HP: 37/43 MP: 5/8
  3903 | D:4      | Reached skill level 7 in Slings
  4074 | D:4      | Noticed Blork the orc
  4086 | D:4      | Killed Blork the orc
  4437 | D:5      | Reached skill level 8 in Slings
  4522 | D:5      | Reached *** piety under Elyvilon
  4539 | D:5      | Found a runed translucent door.
  4540 | D:5      | Noticed a human
  4541 | D:5      | Found a basalt altar of Yredelemnul.
  4636 | D:4      | Reached XP level 8. HP: 20/48 MP: 9/9
  4827 | D:5      | Paralysed by Grinder for 5 turns
  5022 | D:5      | Found a broken altar of Ashenzari.
  5086 | D:5      | Found a hazy altar of Hepliaklqana.
  5955 | D:5      | Paralysed by Grinder for 5 turns
  6017 | D:5      | Killed Grinder
  6018 | D:5      | Reached skill level 9 in Slings
  6157 | D:5      | Was placed under penance by Elyvilon
  6326 | D:6      | Noticed a hornet
  6470 | D:6      | Reached skill level 10 in Slings
  6632 | D:6      | Noticed Edmund
  7092 | D:6      | Was forgiven by Elyvilon
  7093 | D:6      | Noticed Eustachio
  7238 | D:6      | Found a staircase to the Ecumenical Temple.
  7429 | D:7      | Found a transporter.
  7437 | D:7      | Noticed a two-headed ogre
  7444 | D:7      | Noticed DemonSlayer's ghost (novice HuBe)
  7482 | D:7      | Found a glowing silver altar of Zin.
  7575 | D:7      | Found a large runed translucent door.
  7581 | D:7      | Found a large runed translucent door.
  7782 | D:7      | Reached XP level 9. HP: 31/53 MP: 7/10
  8000 | D:7      | Reached skill level 11 in Slings
  8264 | D:7      | Reached **** piety under Elyvilon
  8498 | D:7      | Found a transporter.
  8502 | D:7      | Noticed a komodo dragon
  8516 | D:7      | Found Xerra's General Store.
  8520 | D:7      | HP: 2/53 [centaur/arrow (10)]
  8521 | D:7      | Mangled by a bullfrog

Illustrated notes

Levels and vault maps discovered:
D:1:      scummos_arrival_star, layout_loops_ring,
          chequers_serial_rivers_micro_c, minmay_misc_feat_nine_boxes
D:2:      layout_rooms, basic_altar,
          hellmonk_ecumenical_altar_pennies_from_heaven, minmay_pentomino_w2,
          uniq_crazy_yiuf_cottage
D:3:      layout_loops_ring, minivault_14, minivault_14, minmay_liquid_box,
          kennysheep_generic_room_14, uniq_sigmund, uniq_grinder
D:4:      layout_basic, uniq_blork_the_orc, uniq_menkaure
D:5:      layout_basic, dk_yredelemnul_ordeal, nicolae_ashenzari_panopticon,
          mainiacjoe_overflow_catwalk, kennysheep_cluttered_room
D:6:      layout_rooms, minmay_temple_entry_offerings, uniq_eustachio,
          uniq_edmund
D:7:      layout_basic, overflow_temple_1_default, jmf_multi_god_temple2,
          nzn_ghost_randoct, minmay_misc_feat_encased, nicolae_specific_store

Skill      XL: |  1  2  3  4  5  6  7  8  9 |
---------------+----------------------------+-----
Stealth        | 2 |  2.4
Slings         | 5 6 8 10 11 | 11.3
Fighting       | |  1.3
Maces & Flails | |  0.1
Dodging        | |  2.2
Spellcasting   | |  1.0
Hexes          | |  3.5

Action                   |  1- 3 |  4- 6 |  7- 9 || total
-------------------------+-------+-------+-------++-------
Melee: Whip              |    45 |       |       ||    45
       Constrict         |    11 |    13 |    18 ||    42
       Tentacles         |     7 |     6 |    20 ||    33
       Short sword       |     9 |    47 |       ||    56
       Dagger            |     4 |       |       ||     4
       Falchion          |       |     6 |    78 ||    84
 Fire: Hunting sling     |    42 |    28 |   175 ||   245
Throw: Dart              |       |     5 |    29 ||    34
Evoke: Wand              |       |       |     3 ||     3
  Use: Scroll            |       |     5 |       ||     5
       Potion            |       |       |     1 ||     1
 Stab: Sleeping          |    12 |     7 |     6 ||    25
       Distracted        |     1 |       |     1 ||     2
Armor: Skin              |     9 |     5 |    11 ||    25
Dodge: Dodged            |    40 |    41 |    78 ||   159
       Rpst.: Falchion   |       |     1 |    14 ||    15
